 Dungeon Crawl Stone Soup version 0.30.1-4-g462c640d31 (webtiles) character file.

Game seed: 10071064028196893316

226 Graphine the Ruffian (level 5, -4/63 HPs)
             Began as a Draconian Transmuter on Aug 26, 2023.
             Slain by Pikel
             ... wielding a +0 whip of electrocution
              (13 damage)
             ... on level 4 of the Dungeon.
             The game lasted 00:08:12 (2605 turns).

Graphine the Ruffian (Draconian Transmuter)         Turns: 2605, Time: 00:08:12

Health: -4/63      AC: 22    Str: 12    XL:     5   Next: 69%
Magic:  8/9        EV:  2    Int: 16    God:
Gold:   233        SH:  0    Dex: 11    Spells: 3/9 levels left

rFire   + . .        i - +0 short sword
rCold   . . .        (no shield)
rNeg    . . .        (body armour unavailable)
rPois   +            (helmet currently unavailable)
rElec   .            c - melded +0 cloak
rCorr   .            (gloves currently unavailable)
SInv    .            h - melded +0 pair of boots
Will    .....        (no amulet)
Stlth   +            l - ring of protection from fire
HPRegen 0.30/turn    j - +4 ring of slaying
MPRegen 0.11/turn

%: no passive effects
@: tree-form
A: stationary, stasis, torment immunity, boosted hp, AC +5, unfitting armour,
(cold-blooded)
a: no special abilities


You were on level 4 of the Dungeon.
You were a tree.
You visited 1 branch of the dungeon, and saw 4 of its levels.

You collected 233 gold pieces.

Inventory:

Hand Weapons
 i - a +0 short sword (weapon)
 o - a +2 quarterstaff of chaos
Armour
 c - a +0 cloak (melded)
 h - a +0 pair of boots (melded)
Jewellery
 f - a ring of resist corrosion
 j - a +4 ring of slaying (right branch)
 l - a ring of protection from fire (left branch)
 m - an amulet of faith
 x - a ring of magical power
Wands
 r - a wand of acid (9)
 v - a wand of flame (24)
Scrolls
 b - a scroll of silence
 d - 2 scrolls of amnesia
 q - a scroll of identify
Potions
 e - a potion of berserk rage {unknown}
 g - 2 potions of resistance
 k - 2 potions of haste
 n - a potion of attraction
 p - 2 potions of magic {unknown}
 s - a potion of heal wounds {unknown}
 t - a potion of brilliance {unknown}


   Skills:
 + Level 2.5 Fighting
 + Level 2.5 Dodging
 * Level 4.3 Unarmed Combat
 + Level 2.6 Spellcasting
 * Level 3.5 Transmutations


You had 3 spell levels left.
You knew the following spells:

 Your Spells              Type           Power      Damage    Failure   Level
a - Beastly Appendage     Tmut           26%        N/A       4%          1
b - Wereblood             Tmut           13%        N/A       7%          2
c - Spider Form           Tmut/Pois      7%         N/A       28%         3

Your spell library contained the following spells:

 Spells                   Type           Power      Damage    Failure   Level
 Necrotise                Necr           8%         1d4       19%         1
 Vampiric Draining        Necr           2%         2d6       50%         3
 Ice Form                 Ice/Tmut       7%         N/A       67%         4
 Agony                    Necr           2%         N/A       99%         5


Dungeon Overview and Level Annotations

Branches:
Dungeon (4/15)
 Temple: D:4-7

Altars:
Elyvilon
Yredelemnul
The Shining One

Shops:
D:4 *

Annotations:
D:4 Pikel


Innate Abilities, Weirdness & Mutations

You are a tree.
Your roots penetrate the ground, keeping you stationary.
You cannot be teleported.
You are immune to unholy pain and torment.
Your maximum health is greatly increased.
Your equipment is partially melded.
((Your plain brown scales are hard. (AC +5)))
You cannot fit into any form of body armour.
((You are cold-blooded and may be slowed by cold attacks.))


Message History

Casting: Wereblood (safe; 7% risk of failure)
Confirm with . or Enter, or press ? or * to list all spells.
You grow a pair of large bovine horns.
Your feet morph into talons.
Your +0 pair of boots melds into your body.
Pikel hits you with a +0 whip of electrocution.
You hit Pikel. Your headbutt misses Pikel.
Pikel is moderately wounded.
Pikel hits you with a +0 whip of electrocution.
You hit Pikel. Your kick misses Pikel.
Pikel is moderately wounded.
Pikel barely misses you.
You closely miss Pikel.
Pikel is moderately wounded.
Your primal bloodlust is almost over.
Pikel hits you with a +0 whip of electrocution!
* * * LOW HITPOINT WARNING * * *
Really quaff the potion of lignification?
Your horns disappear.
Your talons disappear.
Your +0 pair of boots unmelds from your body.
You turn into a tree.
Your +0 cloak melds into your body.
Your +0 pair of boots melds into your body.
Your roots penetrate the ground.
Pikel hits you but does no damage.
You barely miss Pikel.
Pikel is moderately wounded.
Pikel hits you but does no damage.
You barely miss Pikel.
Pikel is moderately wounded.
Pikel hits you with a +0 whip of electrocution.
* * * LOW HITPOINT WARNING * * *
You miss Pikel. You punch Pikel!
Pikel is heavily wounded.
Pikel hits you but does no damage.
You hit Pikel.
Pikel is severely wounded.
Pikel hits you but does no damage.
You hit Pikel but do no damage. Your punch misses Pikel.
Pikel is severely wounded.
Your primal bloodlust has ended.
Pikel hits you but does no damage.
You are electrocuted!
You die...

.# #.# #.#
.#..########.#
......K♣.....####
.#..####........#
##...§...#
##.......### #..
##..≈.∩.≈.#.##
#...............#.
#.#####....#...#.#
#.# ##.......#.#
#.#
######....#####.


You could see Pikel.

Vanquished Creatures
  4 lemures (D:4)
  A crimson imp (D:3)
  A jelly (D:3)
  Crazy Yiuf (D:2)
  Jessica (D:2)
  Terence (D:2)
  An adder (D:2)
  3 worms
  3 dart slugs
  An orc (D:3)
  6 bats
  4 endoplasms (D:1)
  2 giant cockroaches (D:3)
  4 goblins
  5 hobgoblins
  2 ball pythons
  3 frilled lizards
  2 goblin skeletons (D:3)
  A hobgoblin zombie (D:3)
  11 kobolds
  2 kobold skeletons (D:3)
  An orc skeleton (D:3)
  2 orc zombies (D:3)
  5 rats
67 creatures vanquished.

Notes
Turn   | Place    | Note
-------+----------+-------------------------------------------
     0 | D:1      | Graphine the Draconian Transmuter began the quest for the
                  | Orb.
     0 | D:1      | Reached XP level 1. HP: 16/16 MP: 3/3
   163 | D:1      | Reached XP level 2. HP: 20/23 MP: 3/5
   168 | D:1      | Learned a level 2 spell: Wereblood
  1086 | D:2      | Reached XP level 3. HP: 27/28 MP: 6/6
  1090 | D:2      | Learned a level 3 spell: Spider Form
  1225 | D:2      | Noticed Jessica
  1240 | D:2      | Killed Jessica
  1241 | D:2      | Reached XP level 4. HP: 26/36 MP: 4/7
  1349 | D:2      | Noticed Terence
  1360 | D:2      | Killed Terence
  1468 | D:2      | Found a runed translucent door.
  1469 | D:2      | Noticed Crazy Yiuf
  1477 | D:2      | Killed Crazy Yiuf
  1478 | D:2      | Reached skill level 4 in Unarmed Combat
  1766 | D:3      | Found a glowing golden altar of the Shining One.
  1781 | D:3      | Reached XP level 5. HP: 41/41 MP: 5/8
  2172 | D:3      | Found a basalt altar of Yredelemnul.
  2334 | D:3      | Found a white marble altar of Elyvilon.
  2535 | D:4      | Noticed a lemure
  2536 | D:4      | Noticed a lemure
  2536 | D:4      | Noticed a lemure
  2537 | D:4      | Found Yjaic's Elemental Accessories.
  2547 | D:4      | Killed a lemure
  2551 | D:4      | Killed a lemure
  2559 | D:4      | Killed a lemure
  2576 | D:4      | Noticed a lemure
  2581 | D:4      | Noticed Pikel
  2587 | D:4      | Killed a lemure
  2605 | D:4      | Slain by Pikel

Illustrated notes

Levels and vault maps discovered:
D:1:      eino_arrival_cavern_b, layout_loops_ring, minmay_misc_feat_rugged,
          minmay_pentomino_x4
D:2:      layout_basic, uniq_crazy_yiuf_cottage, uniq_jessica, uniq_terence
D:3:      layout_basic, kennysheep_ying_yang, nicolae_tso_besieged_by_evil
D:4:      layout_loops_ring, grunt_gozag_breadcrumbs, temple_green,
          nicolae_elemental_shop, nrook_mini_backslash, uniq_natasha, uniq_pikel

Skill      XL: |  1  2  3  4 |
---------------+-------------+-----
Dodging        | 2 |  2.5
Fighting       | 2 |  2.5
Transmutations | 3 |  3.5
Unarmed Combat | 4 |  4.3
Spellcasting   | |  2.6

Action                     |  1- 3 |  4- 6 || total
---------------------------+-------+-------++-------
  Melee: Unarmed           |    30 |       ||    30
         Kick              |    10 |    26 ||    36
         Headbutt          |     8 |    14 ||    22
         Tailslap          |     4 |     4 ||     8
         Short sword       |    32 |    88 ||   120
         Punch             |       |     3 ||     3
   Cast: Beastly Appendage |    14 |    14 ||    28
         Wereblood         |     8 |    12 ||    20
    Use: Scroll            |     6 |     3 ||     9
         Potion            |       |     1 ||     1
   Stab: Sleeping          |     1 |       ||     1
 Armour: Skin              |    13 |    22 ||    35
  Dodge: Dodged            |    40 |    44 ||    84
